 Dungeon Crawl Stone Soup version 0.30-a0-728-gc68057be0a (webtiles) character file.

Game seed: 18210436360509151708

433 cforsyth the Shooter (level 6, -1/33 HPs)
             Began as a Spriggan Hunter on Feb 1, 2023.
             Slain by Dowan
             ... wielding a +0 dagger
              (5 damage)
             ... on level 4 of the Dungeon.
             The game lasted 00:07:26 (2847 turns).

cforsyth the Shooter (Spriggan Hunter)              Turns: 2847, Time: 00:07:27

Health: -1/33      AC:  4    Str:  7    XL:     6   Next: 67%
Magic:  16/16      EV: 18    Int: 10    God:
Gold:   155        SH:  0    Dex: 19    Spells: 5/5 levels left

rFire   . . .      SeeInvis +    b - +9 war axe "Gicreaba" {venom, rN+ Dex-2 SInv}
rCold   . . .      Faith    .    (no shield)
rNeg    + . .      Spirit   .    c - +0 robe
rPois   .          Reflect  .    (helmet restricted)
rElec   .          Harm     .    v - +1 cloak
rCorr   .          Rampage  .    (gloves unavailable)
Will    +....                    (boots unavailable)
Stlth   ++                       (no amulet)
HPRegen 0.25/turn                d - ring of magical power
MPRegen 0.15/turn                (no ring)

@: very quick
A: very small, no large weapons, unfitting armour, see invisible, speed 3
a: no special abilities


You were on level 4 of the Dungeon.
You visited 1 branch of the dungeon, and saw 4 of its levels.

You collected 155 gold pieces.

Inventory:

Hand Weapons
 a - a +0 shortbow
 b - the +9 war axe "Gicreaba" (weapon) {venom, rN+ Dex-2 SInv}
   (You found it on level 2 of the Dungeon)

   Dex:       It affects your dexterity (-2).
   rN:        It protects you from negative energy.
   SInv:      It lets you see invisible.
Armour
 c - a +0 robe (worn)
 v - a +1 cloak (worn)
Jewellery
 d - a ring of magical power (left hand)
 q - a ring of protection from cold
Wands
 o - a wand of digging (8)
 w - a wand of charming (3)
Scrolls
 f - 4 scrolls of identify {unknown}
 h - 2 scrolls of blinking {unknown}
 j - a scroll of poison {unknown}
 l - a scroll of magic mapping {unknown}
 n - 2 scrolls of teleportation {unknown}
 p - a scroll of butterflies {unknown}
 r - 2 scrolls of enchant weapon {unknown}
 s - 2 scrolls of immolation
 t - a scroll of amnesia {unknown}
Potions
 e - a potion of mutation {unknown}
 g - 2 potions of lignification {unknown}
 i - 2 potions of curing {unknown}
 k - 4 potions of heal wounds {unknown}
 m - a potion of degeneration {unknown}
 u - 2 potions of brilliance {unknown}
 x - a potion of magic {unknown}
 z - a potion of attraction {unknown}


   Skills:
 + Level 4.3 Fighting
 + Level 6.3 Ranged Weapons
 - Level 2.8 Dodging
 - Level 1.8 Stealth


You had 5 spell levels left.
You didn't know any spells.
Your spell library contained the following spells:

 Spells                   Type           Power      Damage    Failure   Level
 Lesser Beckoning         Tloc           0%         N/A       50%         2
 Static Discharge         Conj/Air       0%         2-2/arc   50%         2
 Gell's Gravitas          Tloc           0%         N/A       75%         3
 Teleport Other           Tloc           0%         N/A       75%         3
 Vhi's Electric Charge    Tloc/Air       0%         N/A       75%         3
 Arcjolt                  Conj/Air       0%         1d10      100%        5
 Lightning Bolt           Conj/Air       0%         1d11      100%        5


Dungeon Overview and Level Annotations

Branches:
Dungeon (4/15)
 Temple: D:4-7

Altars:
Kikubaaqudgha

Annotations:
D:4 Dowan


Innate Abilities, Weirdness & Mutations

You are very small and have problems with some larger weapons.
You are too small for most types of armour.
You have supernaturally acute eyesight. (SInv)
You cover ground extremely quickly. (Speed+++)


Message History

You shoot an arrow. The arrow barely misses Duvessa.
You shoot an arrow. The arrow hits Duvessa!
Duvessa is heavily wounded.
You hear a shout!
You feel clumsy.
The +9 war axe "Gicreaba" {venom, rN+ Dex-2 SInv} begins to drip with poison!
b - the +9 war axe "Gicreaba" (weapon)
{venom, rN+ Dex-2 SInv} You barely miss Duvessa.
Duvessa is heavily wounded.
Duvessa hits you with a +0 short sword!
Dowan, Brother of Duvessa comes into view.
He is wielding a +0 dagger.
Duvessa closely misses you.
You closely miss Duvessa.
Duvessa is heavily wounded.
Duvessa closely misses you.
You barely miss Duvessa.
Duvessa is heavily wounded.
Duvessa hits you with a +0 short sword. Duvessa misses you.
You closely miss Duvessa.
Duvessa is heavily wounded.
Duvessa misses you.
You slash Duvessa!
Duvessa is poisoned.
Duvessa is severely wounded.
You hear the rusting of a very distant drain.
Duvessa misses you. Duvessa hits you with a +0 short sword!
You hit Duvessa but do no damage.
Duvessa looks as sick as possible!
Duvessa is severely wounded.
Duvessa hits you with a +0 short sword!
* * * LOW HITPOINT WARNING * * *
You closely miss Duvessa.
Duvessa is almost dead.
You kill Duvessa!
Dowan's eyes darken. "You have made a black mistake."
Dowan seems to find hidden reserves of power!
Dowan hits you but does no damage. Dowan barely misses you.
You closely miss Dowan. Dowan completely misses you. Dowan misses you.
You slash Dowan!
Dowan looks as sick as possible!
Dowan is severely wounded.
Dowan closely misses you. Dowan hits you with a +0 dagger.
You die...

########## .........#
########.# .....###.## ###
####.##...############.....
####.#.....#....@e.....#
...........<..#######...#
##.#.#.....#..# ..#
.#.#.##...##..# .J.
....>.##.###.... ..#
#####.##.# #.#### .# # ...
#. #.# . ###.# .. ... #...
#.#


You could see Dowan (fast, extremely poisoned).

Vanquished Creatures
  Duvessa (D:4)
  An ogre (D:4)
  2 lemures (D:4)
  An orc priest (D:4)
  Jessica (D:3)
  Natasha (thrice) (D:3)
  Ijyb (D:3)
  Robin (D:3)
  An adder (D:3)
  2 worms (D:3)
  4 orcs
  6 endoplasms
  3 giant cockroaches
  15 goblins
  4 hobgoblins
  7 jackals (D:3)
  2 quokkas
  3 ball pythons
  4 bats
  2 frilled lizards
  A kobold (D:2)
  A rat (D:1)
66 creatures vanquished.

Notes
Turn   | Place    | Note
-------+----------+-------------------------------------------
     0 | D:1      | cforsyth the Spriggan Hunter began the quest for the Orb.
     0 | D:1      | Reached XP level 1. HP: 10/10 MP: 2/2
    71 | D:1      | Found a faded altar of an unknown god.
   191 | D:1      | Reached XP level 2. HP: 12/15 MP: 3/3
   630 | D:2      | Found an ancient bone altar of Kikubaaqudgha.
  1013 | D:2      | Identified the +9 war axe "Gicreaba" {venom, rN+ Dex-2
                  | SInv}
  1297 | D:3      | Reached XP level 3. HP: 18/18 MP: 4/4
  1511 | D:3      | Noticed Natasha
  1516 | D:3      | Killed Natasha
  1517 | D:3      | Reached XP level 4. HP: 23/23 MP: 5/5
  1528 | D:3      | Noticed Natasha
  1533 | D:3      | Killed Natasha
  1534 | D:3      | Reached skill level 5 in Ranged Weapons
  1636 | D:3      | Noticed Robin
  2225 | D:3      | Noticed Jessica
  2226 | D:3      | Killed Jessica
  2227 | D:3      | Reached XP level 5. HP: 28/28 MP: 6/6
  2324 | D:3      | Noticed Ijyb
  2338 | D:3      | Killed Ijyb
  2343 | D:3      | Killed Robin
  2567 | D:3      | Noticed Natasha
  2576 | D:3      | Killed Natasha
  2711 | D:4      | Noticed a lemure
  2714 | D:4      | Noticed a lemure
  2735 | D:4      | Killed a lemure
  2737 | D:4      | Killed a lemure
  2778 | D:4      | Noticed an ogre
  2784 | D:4      | Killed an ogre
  2785 | D:4      | Reached skill level 6 in Ranged Weapons
  2785 | D:4      | Reached XP level 6. HP: 25/33 MP: 7/7
  2830 | D:4      | Noticed Duvessa
  2839 | D:4      | Noticed Dowan
  2845 | D:4      | Killed Duvessa
  2847 | D:4      | Slain by Dowan

Illustrated notes

Levels and vault maps discovered:
D:1:      minmay_arrival_four_circles, layout_rooms,
          ebering_ecumenical_altar_webs
D:2:      layout_loops_cross, basic_altar
D:3:      layout_basic, uniq_ijyb, uniq_jessica, uniq_robin, uniq_natasha
D:4:      layout_loops_ring, lemuel_round_altar, general_overflow_altar,
          portal_sewer_entry_a, serial_shops, shop, uniq_pikel, uniq_duvessa

Skill      XL: |  1  2  3  4  5 |
---------------+----------------+-----
Fighting       | 2 3 4 |  4.3
Ranged Weapons | 5 6 |  6.3
Dodging        | |  2.8
Stealth        | |  1.8

Action                     |  1- 3 |  4- 6 || total
---------------------------+-------+-------++-------
  Melee: War axe           |     2 |    38 ||    40
   Fire: Shortbow          |    82 |    92 ||   174
 Armour: Robe              |     6 |    11 ||    17
  Dodge: Dodged            |    24 |    43 ||    67

Table legend: (Time is in decaauts)
 A = Elapsed time spent in this place.
 B = Non-inter-level travel time spent in this place.
 C = Inter-level travel time spent in this place.
 D = Time resting spent in this place.
 E = Time spent auto-exploring this place.
 F = Levels seen in this place.
 G = Mean time per level.
                   A        B        C        D        E       F      G
               +--------+--------+--------+--------+--------+-----+--------+
         Total |   2099 |   2032 |     67 |    319 |   1063 |   4 |  524.8 |
       Dungeon |   2099 |   2032 |     67 |    319 |   1063 |   4 |  524.8 |
               +--------+--------+--------+--------+--------+-----+--------+

Top non-repeatable levels by time:
     D:3: 930 daAuts
     D:2: 658 daAuts
     D:1: 366 daAuts
     D:4: 143 daAuts
